PAAA
ALASKAN HUMPBACKS @ BATON ROUGE BRASS
07/29/2042
 
TOP OF THE 1ST
Alaskan Humpbacks batting - Pitching for Baton Rouge Brass : RHP José Rodríguez
Pitching: RHP José Rodríguez
Batting: LHB Marc Hayman 0-0: SOLO HOME RUN (Flyball, 89XD, EV 102.5 MPH), Distance : 447 ft
Batting: LHB Roberto Baca 0-0: Ball
1-0: Swinging Strike
1-1: Bunt for hit to 13 - play at first, batter OUT! 1-3
Batting: LHB Teng Xuefeng 0-0: Ball
1-0: Called Strike
1-1: Foul Ball, location: 2F
1-2: Ball
2-2: Ball
3-2: Foul Ball, location: 2F
3-2: Ground out U3 (Groundball, 3, EV 78.8 MPH)
Batting: RHB Christiaan Bunschoten 0-0: Foul Ball, location: 2F
0-1: Called Strike
0-2: Ball
1-2: Ball
2-2: Strikes out swinging
Top of the 1st over - 1 run, 1 hit, 0 errors, 0 left on base; Alaskan 1 - Baton Rouge 0
BOTTOM OF THE 1ST
Baton Rouge Brass batting - Pitching for Alaskan Humpbacks : RHP Ricardo Martínez
Pitching: RHP Ricardo Martínez
Batting: LHB Dave Summers 0-0: Called Strike
0-1: Fly out, F7 (Flyball, 7S, EV 63.8 MPH)
Batting: RHB Nick Boyd 0-0: Ball
1-0: Foul Ball, location: 2F
1-1: Ball
2-1: Foul Ball, location: 2F
2-2: Foul Ball, location: 2F
2-2: Ball
3-2: Ground out 3-1 (Groundball, 34, EV 90.0 MPH)
Batting: LHB Stephen Goldobenko 0-0: Called Strike
0-1: Foul Ball, location: 2F
0-2: Ball
1-2: Ball
2-2: Strikes out swinging
Bottom of the 1st over - 0 runs, 0 hits, 0 errors, 0 left on base; Alaskan 1 - Baton Rouge 0
TOP OF THE 2ND
Alaskan Humpbacks batting - Pitching for Baton Rouge Brass : RHP José Rodríguez
Batting: RHB Patrick Goodhardt 0-0: Called Strike
0-1: SINGLE (Groundball, 5, EV 84.4 MPH) (infield hit)
Batting: LHB Roberts Hamhock 0-0: Ball
1-0: Ball
2-0: Called Strike
2-1: Ball
3-1: Fielders Choice at 2nd, 3-6 (Groundball, 3, EV 103.1 MPH)
Batting: LHB Pat Pending 0-0: Called Strike
0-1: Ball
1-1: Ball
2-1: Foul Ball, location: 2F
2-2: Ball
3-2: Foul Ball, location: 2F
3-2: Base on Balls
Roberts Hamhock to second
Batting: RHB Domingo Altamiraño 0-0: Ball
1-0: Called Strike
1-1: Swinging Strike
1-2: Foul Ball, location: 2F
1-2: Fly out, F9 (Line Drive, 9, EV 96.2 MPH)
Batting: RHB Kyle Goodbrand 0-0: Ground out 4-3 (Groundball, 4, EV 91.9 MPH)
Top of the 2nd over - 0 runs, 1 hit, 0 errors, 2 left on base; Alaskan 1 - Baton Rouge 0
BOTTOM OF THE 2ND
Baton Rouge Brass batting - Pitching for Alaskan Humpbacks : RHP Ricardo Martínez
Batting: LHB Weston Doyle 0-0: Ground out 3-1 (Groundball, 34, EV 83.8 MPH)
Batting: SHB Vicente Romero 0-0: Ball
1-0: Foul Ball, location: 2F
1-1: Ground out 3-1 (Groundball, 34, EV 78.8 MPH)
Batting: RHB Jamy Geertsen 0-0: Ball
1-0: Swinging Strike
1-1: Called Strike
1-2: Strikes out looking
Bottom of the 2nd over - 0 runs, 0 hits, 0 errors, 0 left on base; Alaskan 1 - Baton Rouge 0
TOP OF THE 3RD
Alaskan Humpbacks batting - Pitching for Baton Rouge Brass : RHP José Rodríguez
Batting: LHB Marc Hayman 0-0: Foul Ball, location: 2F
0-1: Ball
1-1: Bunt missed!
1-2: Strikes out looking
Batting: LHB Roberto Baca 0-0: Called Strike
0-1: Ball
1-1: Ball
2-1: Ball
3-1: Swinging Strike
3-2: Base on Balls
Batting: LHB Teng Xuefeng 0-0: Ball
1-0: DOUBLE (Line Drive, 89D, EV 108.8 MPH)
Roberto Baca to third
Batting: RHB Christiaan Bunschoten 0-0: Fly out, F7 (Flyball, 78S, EV 80.0 MPH)
Batting: RHB Patrick Goodhardt 0-0: Ball
1-0: Foul Ball, location: 2F
1-1: Ball
2-1: Swinging Strike
2-2: Strikes out swinging
Top of the 3rd over - 0 runs, 1 hit, 0 errors, 2 left on base; Alaskan 1 - Baton Rouge 0
BOTTOM OF THE 3RD
Baton Rouge Brass batting - Pitching for Alaskan Humpbacks : RHP Ricardo Martínez
Batting: LHB Francisco Rojas 0-0: Fly out, F8 (Flyball, 8LD, EV 98.8 MPH)
Batting: RHB Hal Phillips 0-0: Ball
1-0: Foul Ball, location: 2F
1-1: Foul Ball, location: 2F
1-2: Foul Ball, location: 2F
1-2: Ball
2-2: DOUBLE (Line Drive, 78D, EV 112.5 MPH)
Batting: RHB Travis Murphy 0-0: Foul Ball, location: 2F
0-1: Ball
1-1: Foul Ball, location: 2F
1-2: Ball
2-2: Foul Ball, location: 2F
2-2: Ball
3-2: Ground out 2-3 (Groundball, 2L, EV 65.6 MPH)
Hal Phillips to third
Batting: LHB Dave Summers 0-0: Ball
1-0: Ball
2-0: Swinging Strike
2-1: Foul Ball, location: 2F
2-2: Foul Ball, location: 2F
2-2: Fly out, F8 (Flyball, 8RXD, EV 91.2 MPH)
Bottom of the 3rd over - 0 runs, 1 hit, 0 errors, 1 left on base; Alaskan 1 - Baton Rouge 0
TOP OF THE 4TH
Alaskan Humpbacks batting - Pitching for Baton Rouge Brass : RHP José Rodríguez
Batting: LHB Roberts Hamhock 0-0: Ball
1-0: Ball
2-0: Foul Ball, location: 2F
2-1: Ball
3-1: Called Strike
3-2: Base on Balls
Batting: LHB Pat Pending 0-0: Foul Ball, location: 2F
0-1: Ball
1-1: Foul Ball, location: 2F
1-2: Ball
Wild Pitch!
Roberts Hamhock to second
2-2: Fly out, F8 (Line Drive, 8LD, EV 85.6 MPH)
Batting: RHB Domingo Altamiraño 0-0: Fly out, F9 (Flyball, 9S, EV 88.1 MPH)
Batting: RHB Kyle Goodbrand 0-0: Swinging Strike
0-1: Called Strike
0-2: Strikes out looking
Top of the 4th over - 0 runs, 0 hits, 0 errors, 1 left on base; Alaskan 1 - Baton Rouge 0
BOTTOM OF THE 4TH
Baton Rouge Brass batting - Pitching for Alaskan Humpbacks : RHP Ricardo Martínez
Batting: RHB Nick Boyd 0-0: Foul Ball, location: 2F
0-1: Ball
1-1: Called Strike
1-2: Foul Ball, location: 2F
1-2: Ball
2-2: Ball
3-2: SINGLE (Groundball, 6D, EV 105.6 MPH)
Batting: LHB Stephen Goldobenko 0-0: Ball
1-0: Swinging Strike
1-1: Ball
2-1: Swinging Strike
2-2: Strikes out looking
Batting: LHB Weston Doyle 0-0: Fly out, F8 (Flyball, 8LXD, EV 95.0 MPH)
Batting: SHB Vicente Romero 0-0: Ball
1-0: Fly out, F9 (Flyball, 89M, EV 87.5 MPH)
Bottom of the 4th over - 0 runs, 1 hit, 0 errors, 1 left on base; Alaskan 1 - Baton Rouge 0
TOP OF THE 5TH
Alaskan Humpbacks batting - Pitching for Baton Rouge Brass : RHP José Rodríguez
Batting: LHB Marc Hayman 0-0: Ball
1-0: Bunt for hit to 5S - play at first, batter OUT! 5-3
Batting: LHB Roberto Baca 0-0: Called Strike
0-1: Swinging Strike
0-2: Ball
1-2: Ball
2-2: Ball
3-2: SOLO HOME RUN (Flyball, 9D, EV 91.9 MPH), Distance : 372 ft
Batting: LHB Teng Xuefeng 0-0: DOUBLE (Flyball, 89XD, EV 103.1 MPH)
Batting: RHB Christiaan Bunschoten 0-0: Ball
1-0: 2-RUN HOME RUN (Flyball, 9D, EV 108.1 MPH), Distance : 377 ft
Batting: RHB Patrick Goodhardt 0-0: Swinging Strike
0-1: Ball
1-1: Foul Ball, location: 2F
1-2: Ball
2-2: Fly out, F9 (Line Drive, 9, EV 100.6 MPH)
Batting: LHB Roberts Hamhock 0-0: SOLO HOME RUN (Flyball, 89XD, EV 101.2 MPH), Distance : 410 ft
Batting: LHB Pat Pending 0-0: Fly out, F9 (Flyball, 9S, EV 95.0 MPH)
Top of the 5th over - 4 runs, 4 hits, 0 errors, 0 left on base; Alaskan 5 - Baton Rouge 0
BOTTOM OF THE 5TH
Baton Rouge Brass batting - Pitching for Alaskan Humpbacks : RHP Ricardo Martínez
Batting: RHB Jamy Geertsen 0-0: Ball
1-0: Called Strike
1-1: Ball
2-1: Ball
3-1: Base on Balls
Batting: LHB Francisco Rojas 0-0: Swinging Strike
0-1: Ball
1-1: Ball
2-1: Ball
3-1: DOUBLE (Flyball, 78D, EV 100.6 MPH)
Jamy Geertsen to third
Batting: RHB Hal Phillips 0-0: Ground out 6-3 (Groundball, 56, EV 80.0 MPH)
Jamy Geertsen scores
Batting: RHB Travis Murphy 0-0: Ball
1-0: Foul Ball, location: 2F
1-1: Ball
2-1: Fly out, F7 (Flyball, 7, EV 93.1 MPH)
Batting: LHB Dave Summers 0-0: Ball
1-0: SINGLE (Line Drive, 89M, EV 86.9 MPH)
Francisco Rojas to third
Runner from 3rd tries for Home, SAFE, throw by RF to home
Batting: RHB Nick Boyd 0-0: Called Strike
0-1: Swinging Strike
0-2: Ground out 4-3 (Groundball, 34, EV 79.4 MPH)
Bottom of the 5th over - 2 runs, 2 hits, 0 errors, 1 left on base; Alaskan 5 - Baton Rouge 2
TOP OF THE 6TH
Alaskan Humpbacks batting - Pitching for Baton Rouge Brass : RHP José Rodríguez
Pitching: LHP Tracy Cowdin
Batting: RHB Domingo Altamiraño 0-0: Ball
1-0: Ball
2-0: Fly out, F8 (Flyball, 8LM, EV 87.5 MPH)
Batting: RHB Kyle Goodbrand 0-0: Called Strike
0-1: Ball
1-1: Fly out, F2 (Popup, 2LF, EV 96.2 MPH)
Batting: LHB Marc Hayman 0-0: TRIPLE (Line Drive, 9LD, EV 111.2 MPH)
Batting: LHB Roberto Baca 0-0: Foul Ball, location: 2F
0-1: Called Strike
0-2: Strikes out swinging
Top of the 6th over - 0 runs, 1 hit, 0 errors, 1 left on base; Alaskan 5 - Baton Rouge 2
BOTTOM OF THE 6TH
Baton Rouge Brass batting - Pitching for Alaskan Humpbacks : RHP Ricardo Martínez
Batting: LHB Stephen Goldobenko 0-0: Ball
1-0: SINGLE (Line Drive, 8LS, EV 92.5 MPH)
Batting: LHB Weston Doyle 0-0: Called Strike
0-1: Ball
1-1: Called Strike
1-2: Fly out, F7 (Flyball, 78S, EV 87.5 MPH)
Pitching: RHP Ken Bates
Batting: SHB Vicente Romero 0-0: Called Strike
0-1: Ball
1-1: Ball
2-1: Swinging Strike
2-2: Foul Ball, location: 2F
2-2: Strikes out swinging
Batting: RHB Jamy Geertsen 0-0: Foul Ball, location: 2F
0-1: Foul Ball, location: 2F
0-2: Strikes out swinging
Bottom of the 6th over - 0 runs, 1 hit, 0 errors, 1 left on base; Alaskan 5 - Baton Rouge 2
TOP OF THE 7TH
Alaskan Humpbacks batting - Pitching for Baton Rouge Brass : LHP Tracy Cowdin
Batting: LHB Teng Xuefeng 0-0: Foul Ball, location: 2F
0-1: Called Strike
0-2: SINGLE (Groundball, 6D, EV 105.6 MPH)
Batting: RHB Christiaan Bunschoten 0-0: Called Strike
Teng Xuefeng steals 2nd, throwing error, E2
Teng Xuefeng to third
0-1: Foul Ball, location: 2F
0-2: Ball
1-2: Ball
2-2: Ball
3-2: Intentional Walk
Batting: RHB Patrick Goodhardt 0-0: Called Strike
0-1: Ball
1-1: Ball
2-1: Fly out, F8 (Flyball, 8LD, EV 105.0 MPH)
Runner from 3rd tags up, OUT at HOME! 8-2
Christiaan Bunschoten to second
Batting: LHB Roberts Hamhock 0-0: Called Strike
0-1: Ball
1-1: Ball
2-1: Fly out, F7 (Flyball, 7S, EV 80.0 MPH)
Top of the 7th over - 0 runs, 1 hit, 1 error, 1 left on base; Alaskan 5 - Baton Rouge 2
BOTTOM OF THE 7TH
Baton Rouge Brass batting - Pitching for Alaskan Humpbacks : RHP Ken Bates
Batting: LHB Francisco Rojas 0-0: Swinging Strike
0-1: Ball
1-1: Fly out, F5 (Popup, 5SF, EV 67.5 MPH)
Batting: RHB Hal Phillips 0-0: Called Strike
0-1: Foul Ball, location: 2F
0-2: Foul Ball, location: 2F
0-2: Fly out, F8 (Line Drive, 8LM, EV 93.1 MPH)
Batting: RHB Travis Murphy 0-0: Swinging Strike
0-1: Ball
1-1: Ball
2-1: Foul Ball, location: 2F
2-2: Strikes out swinging
Bottom of the 7th over - 0 runs, 0 hits, 0 errors, 0 left on base; Alaskan 5 - Baton Rouge 2
TOP OF THE 8TH
Alaskan Humpbacks batting - Pitching for Baton Rouge Brass : LHP Tracy Cowdin
Batting: LHB Pat Pending 0-0: Ball
1-0: Called Strike
1-1: Called Strike
1-2: Ball
2-2: Strikes out looking
Batting: RHB Domingo Altamiraño 0-0: Ball
1-0: Ball
2-0: Swinging Strike
2-1: Fly out, F9 (Flyball, 9LM, EV 95.0 MPH)
Batting: RHB Kyle Goodbrand 0-0: Ball
1-0: Ball
2-0: Called Strike
2-1: Foul Ball, location: 2F
2-2: Ball
3-2: Strikes out swinging
Top of the 8th over - 0 runs, 0 hits, 0 errors, 0 left on base; Alaskan 5 - Baton Rouge 2
BOTTOM OF THE 8TH
Baton Rouge Brass batting - Pitching for Alaskan Humpbacks : RHP Ken Bates
Batting: LHB Dave Summers 0-0: Called Strike
0-1: Ball
1-1: Ball
2-1: Ground out 4-3 (Groundball, 4M, EV 88.8 MPH)
Batting: RHB Nick Boyd 0-0: Foul Ball, location: 2F
0-1: Ball
1-1: Foul Ball, location: 2F
1-2: Ground out 1-3 (Groundball, 13, EV 93.1 MPH)
Batting: LHB Stephen Goldobenko 0-0: Foul Ball, location: 2F
0-1: Ball
1-1: Ball
2-1: Swinging Strike
2-2: Ball
3-2: Base on Balls
Batting: LHB Weston Doyle 0-0: Called Strike
0-1: Ball
1-1: Fly out, F9 (Line Drive, 9, EV 83.1 MPH)
Bottom of the 8th over - 0 runs, 0 hits, 0 errors, 1 left on base; Alaskan 5 - Baton Rouge 2
TOP OF THE 9TH
Alaskan Humpbacks batting - Pitching for Baton Rouge Brass : LHP Tracy Cowdin
Pitching: RHP Tate Beason
Batting: LHB Marc Hayman 0-0: Ball
1-0: Called Strike
1-1: Foul Ball, location: 2F
1-2: Foul Ball, location: 2F
1-2: Ball
2-2: Foul Ball, location: 2F
2-2: Ball
3-2: Strikes out looking
Batting: LHB Roberto Baca 0-0: Foul Ball, location: 2F
0-1: Foul Ball, location: 2F
0-2: Strikes out swinging
Batting: LHB Teng Xuefeng 0-0: Ball
1-0: Foul Ball, location: 2F
1-1: Ball
2-1: Foul Ball, location: 2F
2-2: Ground out 1-3 (Groundball, 13, EV 74.4 MPH)
Top of the 9th over - 0 runs, 0 hits, 0 errors, 0 left on base; Alaskan 5 - Baton Rouge 2
BOTTOM OF THE 9TH
Baton Rouge Brass batting - Pitching for Alaskan Humpbacks : RHP Ken Bates
Batting: SHB Vicente Romero 0-0: DOUBLE (Line Drive, 7LS, EV 106.2 MPH)
Pitching: LHP Ricardo Ruíz
Batting: RHB Jamy Geertsen 0-0: Fly out, F9 (Line Drive, 9, EV 100.6 MPH)
Pitching: RHP King Kelly
Batting: LHB Francisco Rojas 0-0: Foul Ball, location: 2F
0-1: Foul Ball, location: 2F
0-2: Fly out, F3 (Popup, 3L, EV 63.1 MPH)
Batting: RHB Hal Phillips 0-0: Called Strike
0-1: Ball
1-1: Ball
2-1: Ball
3-1: Foul Ball, location: 2F
3-2: Base on Balls
Pinch Hitting: LHB Augusto Reyes 0-0: Ball
1-0: Fly out, F8 (Flyball, 8RM, EV 86.9 MPH)
Bottom of the 9th over - 0 runs, 1 hit, 0 errors, 2 left on base; Alaskan 5 - Baton Rouge 2
Friday, March 26th, 2021 - OOTP Baseball 20.8 Build 74